[Event "GER-ch Youth-ODJM 2022 A"]
[Site "Willingen"]
[Date "2022.06.10"]
[Round "8.9"]
[White "Lohr, Maximilian"]
[Black "Kruse, Victor"]
[Result "1-0"]
[ECO "D00"]
[WhiteElo "2080"]
[BlackElo "1733"]
[Annotator "TA"]
[PlyCount "87"]
[EventDate "2022.06.05"]
[EventType "swiss"]
[EventRounds "9"]
[EventCountry "GER"]
[SourceTitle "playchess.com"]
[Source "ChessBase"]
[SourceQuality "1"]
[TimeControl "40/4500+30:900+30"]

1. d4 d5 2. Nc3 c6 3. Bf4 e6 4. e3 Bb4 5. Qg4 {[%emt 0:00:00] [#]} Bf8 $146 (5... g6 $11 6. Qf3 Bxc3+ 7. bxc3 Nd7) ({Predecessor:} 5... g6 6. Qd1 c5 7. Nge2 c4 8. a3 Bd6 9. e4 Bxf4 10. Nxf4 Nf6 11. e5 Nfd7 {1-0 (32) Piacentile,C (1200)-Cherry,B (731) LSS email 2012}) 6. Qf3 {[%emt 0:00:00] D00: 1 d4 d5: Unusual lines.} Nf6 7. O-O-O ({Better is} 7. a3 $14) 7... h5 (7... b5 $142) 8. h3 (8. e4 $142) 8... b6 (8... b5 $1 $11) 9. g3 (9. g4 $14) 9... Bd6 (9... b5 $11) 10. Bg2 (10. Nge2 $14) 10... Na6 (10... b5 $11) 11. Nge2 Bb7 12. g4 Qe7 13. g5 Nd7 14. e4 Bxf4+ 15. Qxf4 O-O-O 16. exd5 cxd5 17. Nb5 {[%emt 0:01:45][%cal Rb5a7] Prevents Nc7.} Nf8 18. Rd3 $2 {[%emt 0:04:51] 0x0.00207b593ffcdp-1022s more active pieces. The black rooks are badly placed.} ({White should play} 18. Nxa7+ $16 Kd7 19. Nc3) 18... Bc6 $1 $11 19. Rc3 {[%emt 0:00:11] [#]} Nb8 (19... Ng6 $1 $15 20. Qd2 (20. Rxc6+ Kb7 $17) 20... Kb7) 20. h4 Kb7 21. Na3 (21. a4 a6 22. Na3 Ng6 $15) 21... Ng6 22. Qg3 b5 {[%emt 0:03:39] [#]} 23. Nxb5 Bxb5 24. Rb3 Ka6 25. Nc3 (25. Ra3+ $1 $11 Kb7 26. Rb3) 25... Bc4 $17 26. Bf1 {[%emt 0:00:32][%cal Oc3e4] Threatens to win with Ne4!} Nc6 27. Na4 Nxd4 28. Qc3 Nxb3+ 29. axb3 {[%emt 0:00:04][%mdl 64] [#] Pin} Rc8 30. bxc4 $11 {[%emt 0:00:17] Strongly threatening Qb3.} Kb7 31. c5 (31. Rh3 $1 $11) 31... Qc7 $1 $15 {[%emt 0:00:42] aiming for ...Qf4+.} 32. Kb1 Ne5 (32... Rb8 $5 33. b3 e5 $17) 33. Rh3 Nc6 $2 {[%emt 0:00:52] [#]} ({Of course not} 33... Ka8 34. Qa3 Nd7 35. Bb5 Nxc5 36. Rc3 $11) (33... Rb8 $1 $15 {keeps the upper hand.} 34. Qa3 Nc6) 34. b4 $2 ({Don't blunder} 34. Qd3 $2 Qa5 35. Qb3+ Ka8 $19) (34. Qb3+ $1 $16 {is necessary to keep the advantage.} Ka8 35. Nb6+ axb6 36. cxb6) 34... Qe5 35. b5 Ka8 $2 {[%emt 0:00:34][%mdl 8192] This move loses the game for Black.} 36. bxc6 $18 {[%emt 0:00:22] Chess con chili.} Qxc3 37. Rxc3 {[%emt 0:00:53][%cal Oa4b6] And now Nb6+! would win.} ({Not} 37. Nxc3 Rxc6 38. Na4 Rb8+ 39. Rb3 Rxb3+ 40. cxb3 Kb7 $14) 37... Rxc6 38. Rb3 Rb8 39. Bb5 Rc7 40. Kb2 f6 41. g6 Rh8 $2 (41... e5 42. Kc3 Rbb7) 42. c6 {[%emt 0:00:00] White is clearly winning.} a5 43. Ba6 Re7 44. Nb6+ {[%emt 0:00:00] Weighted Error Value: White=0.34/Black=0.43} 1-0

[Event "GER-ch Youth-ODJM 2022 A"]
[Site "Willingen"]
[Date "2022.06.10"]
[Round "8.10"]
[White "Schmitt, Daniel"]
[Black "Weigand, Anton"]
[Result "1-0"]
[ECO "B33"]
[WhiteElo "2128"]
[BlackElo "1872"]
[Annotator "TA"]
[PlyCount "65"]
[EventDate "2022.06.05"]
[EventType "swiss"]
[EventRounds "9"]
[EventCountry "GER"]
[SourceTitle "playchess.com"]
[Source "ChessBase"]
[SourceQuality "1"]
[TimeControl "40/4500+30:900+30"]

1. e4 c5 2. Nf3 e6 3. d4 cxd4 4. Nxd4 Nc6 5. Nc3 Nf6 6. Ndb5 d6 7. Bf4 e5 8. Bg5 a6 9. Na3 b5 10. Nd5 Be7 11. Bxf6 Bxf6 12. c4 b4 {[%emt 0:00:00] 12...0-0 might become the main line.} 13. Nc2 a5 14. g3 {[%emt 0:00:00] B33: Sicilian: Pelikan and Sveshnikov Variations.} g6 {[%emt 0:00:00] 14...Bg5 is vanishing.} 15. Bg2 Bg7 16. O-O {[%emt 0:00:00] The position is equal.} O-O 17. b3 Rb8 18. Qd2 f5 {[%emt 0:07:13] [#]} (18... Be6 $11 {remains equal.}) 19. exf5 $1 $16 gxf5 20. Rad1 {[%emt 0:01:24] [#]} Bb7 $146 ({Predecessor:} 20... e4 21. Nf4 Be5 22. Qd5+ {1-0 (21) Utiyama,M (2128)-Silva,S (2041) Varginha 2008}) 21. f4 Kh8 {[%emt 0:05:15] [#]} 22. Bh3 (22. Nde3 $1 $16) 22... Nd4 23. Nxd4 exd4 24. Rfe1 Qc8 (24... Bxd5 $142 25. cxd5 Rb5) 25. Qd3 {[%emt 0:02:57] 0x0.00207e560e15dp-1022s more active pieces.} Bxd5 26. cxd5 Re8 (26... a4 $16 {keeps fighting.} 27. Re6 (27. bxa4 Ra8 $16) 27... Qc5) 27. Rxe8+ ({Don't do} 27. Qxf5 $6 Rxe1+ 28. Rxe1 Qc3 $16) 27... Qxe8 28. Bxf5 Qe3+ 29. Kf1 Re8 (29... Qxd3+ {might work better.} 30. Bxd3 Rc8) 30. Bxh7 $18 Rc8 31. Re1 Qxd3+ 32. Bxd3 Kg8 33. Bc4 {[%emt 0:03:43] Weighted Error Value: White=0.08 (flawless) /Black=0.34} 1-0

[Event "GER-ch Youth-ODJM 2022 A"]
[Site "Willingen"]
[Date "2022.06.10"]
[Round "8.11"]
[White "Struck, Lasse"]
[Black "Dornieden, Jonas"]
[Result "0-1"]
[ECO "B24"]
[WhiteElo "1847"]
[BlackElo "2069"]
[Annotator "TA"]
[PlyCount "102"]
[EventDate "2022.06.05"]
[EventType "swiss"]
[EventRounds "9"]
[EventCountry "GER"]
[SourceTitle "playchess.com"]
[Source "ChessBase"]
[SourceQuality "1"]
[TimeControl "40/4500+30:900+30"]

1. e4 c5 2. Nc3 Nc6 3. Bb5 Nd4 4. Bc4 e6 5. Nge2 a6 6. a4 {[%emt 0:00:00] Inhibits b5. B23: Closed Sicilian: Lines without g3.} Nf6 7. O-O Rb8 8. e5 {[%emt 0:00:27] [#] White is slightly better.} Ng8 $146 (8... d5 $11) ({Predecessor:} 8... d5 9. exf6 dxc4 10. fxg7 Bxg7 11. Ng3 O-O 12. Nce2 Bd7 13. Nxd4 Bxd4 14. d3 Kh8 15. dxc4 {1-0 (46) Paehtz,E (2457)-Cramling,P (2495) Beijing 2011}) 9. d3 (9. Ne4 $14) 9... Ne7 (9... Nc6 $11) 10. Nxd4 $16 cxd4 11. Ne4 Nc6 (11... Nf5 $1 $14) 12. Bg5 $36 {[%emt 0:06:51][%mdl 2048] White is really pushing.} Qc7 13. f4 b5 14. axb5 axb5 15. Ba2 Nb4 {[%emt 0:07:10] [#]} (15... Bb7 $16) 16. Bb3 ({White should try} 16. f5 $1 $18) 16... Bb7 17. f5 {[%emt 0:09:33] Black must now prevent fxe6.} ({Resist} 17. Ra7 Nc6 18. Ra1 Na5 $14) 17... Bd5 (17... Bxe4 $16 {was worth a try.} 18. dxe4 Bc5) 18. Nd6+ Bxd6 19. exd6 Qb7 20. fxe6 dxe6 21. Be7 Bxb3 22. cxb3 h5 23. Rc1 $2 (23. Qe2 $18 Rh7 24. Bg5 (24. Qf2 g6 $18)) 23... Nd5 $11 24. Qf3 f6 25. Qe4 {[%emt 0:05:00] Threatens to win with Qg6+.} Kf7 {[%emt 0:01:24] Against Qg6+} ({Don't take} 25... Nxe7 26. Rc7 (26. Qxe6 Qd7 $14) 26... Qxe4 27. Rxe7+ Kf8 28. dxe4 $14) 26. Qxd4 Qb6 {[%emt 0:00:37] Dancing on a razor blade.} 27. Qxb6 Rxb6 28. Ra1 (28. Rc5 $11 {keeps the balance.}) 28... Nxe7 $17 29. dxe7 {[%emt 0:00:14][%mdl 4096] Endgame KRR-KRR} Re8 30. Ra7 ({White should play} 30. Rac1) 30... Rxe7 31. Rfa1 Rd6 32. Rxe7+ Kxe7 $19 {[%emt 0:00:04] KR-KR} 33. Ra5 Rxd3 34. Rxb5 Rd1+ 35. Kf2 Rd2+ 36. Kf3 {[%emt 0:00:41] [#]} (36. Kf1 $142) 36... Rxb2 (36... g5 $1 $19 {aiming for ...f5.} 37. Rb7+ Kd6) 37. Rb7+ $17 Kf8 38. b4 Kg8 39. b5 h4 40. h3 Kh7 {[%emt 0:01:59] Hoping for ...Kg6.} 41. Rb8 $2 (41. b6 $15) 41... Kg6 $19 42. b6 $2 (42. Rh8 {is more resistant.}) 42... Kf5 {[%emt 0:00:00] Black is clearly winning.} 43. b7 Rb3+ 44. Kf2 g5 45. Kg1 Rb2 {[%emt 0:00:00] ...e5 is the strong threat.} 46. Kf1 e5 47. Kg1 e4 48. Kf1 Kf4 {[%emt 0:01:02] And now ...Kg3 would win.} 49. Rf8 Rxb7 50. Rxf6+ Ke3 (50... Kg3 $142 51. Rf5 Rb1+ 52. Ke2 Rb2+ 53. Kf1 g4 54. hxg4 Rxg2) 51. g4 Rb1+ {[%emt 0:07:18] Black used his chance.  Weighted Error Value: White=0.84/Black=0.30} 0-1

[Event "GER-ch Youth-ODJM 2022 A"]
[Site "Willingen"]
[Date "2022.06.10"]
[Round "8.12"]
[White "Kotyk, Michael"]
[Black "Jenner, Meikel"]
[Result "1-0"]
[ECO "D07"]
[WhiteElo "2197"]
[BlackElo "1981"]
[Annotator "TA"]
[PlyCount "105"]
[EventDate "2022.06.05"]
[EventType "swiss"]
[EventRounds "9"]
[EventCountry "GER"]
[SourceTitle "playchess.com"]
[Source "ChessBase"]
[SourceQuality "1"]
[TimeControl "40/4500+30:900+30"]

1. d4 d5 2. c4 Nc6 3. Nf3 Bg4 4. Nc3 dxc4 5. d5 Bxf3 6. gxf3 {[%emt 0:01:14] D07: Queen's Gambit: Chigorin Defence.} (6. exf3 $18 {Black must now prevent Qa4.} Ne5 7. Bf4) 6... Ne5 7. Qd4 Ng6 (7... Nd7 $16) 8. Qxc4 $18 {[%emt 0:02:56] [#] White is clearly better.} Nf6 $146 ({Predecessor:} 8... Qd7 9. h4 c6 10. Bh3 Qd6 11. h5 Ne5 12. Qb3 Rb8 13. Be3 b5 14. Rd1 Rb7 {½-½ (32) Chiong Zacarias,R (2301)-Cuhendi,S (2190) Penang 2012}) 9. Qb5+ c6 10. Qxb7 {[%emt 0:03:49] Hoping for Bh3.} cxd5 {[%emt 0:02:52] [#]} 11. e4 $1 Qc8 12. Bb5+ Kd8 13. Ba6 {[%emt 0:04:48] White is much more active. The black rooks are badly placed.} Qxb7 14. Bxb7 {[%emt 0:00:06] This bishop pair is nice.} Rb8 15. Bxd5 e6 16. Bb3 Bb4 17. Bd2 (17. Be3 $16) 17... Ke7 18. O-O-O (18. Be3 $14) 18... Ne5 (18... Rhc8 $11) 19. Bf4 $14 Nfd7 20. Ba4 Rbc8 21. Kc2 f6 22. Bxd7 ({White should try} 22. Bxe5 $16 Nxe5 23. f4) 22... Nxd7 23. Rhg1 g5 24. Be3 Nc5 {[%emt 0:04:50] Black is now going downhill.} (24... Bc5 $14) 25. Rd4 Ba5 26. Rc4 (26. e5 $142) 26... Bb6 (26... Nd7 $16 {is a better defense.} 27. Ra4 Bb6) 27. e5 {[%emt 0:01:28] Strongly threatening exf6+.} Nd7 28. exf6+ Nxf6 29. Rxc8 Rxc8 30. Rxg5 Kf7 31. Bxb6 axb6 $18 {[%emt 0:00:06][%mdl 4096] Endgame KRN-KRN} 32. Kd3 {[%emt 0:00:16] Inhibits Rc4.} h6 33. Rb5 Rg8 $2 (33... Rb8 34. Rb4 Nd7) 34. h4 (34. Rxb6 $142 Nd7 35. Rb7) 34... Nd7 35. Ne4 Rg2 36. Ke3 Rh2 37. h5 Rh1 38. Nd6+ Kf6 39. Nc8 Ne5 40. Nxb6 Re1+ 41. Kf4 Nd3+ 42. Kg3 e5 43. Nc4 Rg1+ 44. Kh2 Rg5 45. Rb6+ Kg7 $2 (45... Ke7 46. Rxh6 Ne1) 46. Rg6+ {[%emt 0:03:51] White is clearly winning.} Rxg6 47. hxg6 Kxg6 {[%emt 0:00:07] KN-KN} 48. a4 Kf5 49. a5 {[%emt 0:00:07] [#] And now a6 would win.} Nb4 50. Kg3 Ke6 51. f4 e4 (51... exf4+ $142 52. Kxf4 Kd5 53. Ne3+ Kc5) 52. Kg4 h5+ 53. Kg5 {[%emt 0:00:18] Weighted Error Value: White=0.20 (precise) /Black=0.28 (precise)} 1-0

[Event "GER-ch Youth-ODJM 2022 A"]
[Site "Willingen"]
[Date "2022.06.10"]
[Round "8.13"]
[White "Garbuz, Vitaly"]
[Black "Brockmeyer, Tobias"]
[Result "1/2-1/2"]
[ECO "C07"]
[WhiteElo "2134"]
[BlackElo "1936"]
[Annotator "TA"]
[PlyCount "42"]
[EventDate "2022.06.05"]
[EventType "swiss"]
[EventRounds "9"]
[EventCountry "GER"]
[SourceTitle "playchess.com"]
[Source "ChessBase"]
[SourceQuality "1"]
[TimeControl "40/4500+30:900+30"]

1. e4 e6 2. d4 d5 3. Nd2 c5 4. exd5 Qxd5 5. Ngf3 cxd4 6. Bc4 Qd7 {[%emt 0:00:00] C07: French Tarrasch: 3...c5, 4 Ngf3 and 4 exd5 Qxd5.} 7. O-O Nc6 8. Nb3 Nf6 9. Nbxd4 Nxd4 10. Nxd4 {[%emt 0:00:00] [#] Threatens to win with Bb5.} a6 {[%emt 0:00:00] Inhibits Bb5.} 11. Re1 Bc5 12. Be3 Qc7 13. Bb3 b6 14. c3 (14. Bg5 $14) 14... Bb7 $11 15. Qe2 O-O 16. Rad1 Rfd8 17. Bg5 {[%emt 0:04:25][%cal Od4e6] Black should prevent Nxe6!} Bxd4 18. cxd4 {[%emt 0:02:56] And now Bxf6 would win.} Qc6 {[%emt 0:00:17][%csl Gb7][%cal Rc6g2] [#]} 19. d5 $146 ({White should try} 19. f4 $14) ({Predecessor:} 19. f3 Rac8 20. Qf2 Qb5 21. Qh4 Qf5 22. Re5 Qg6 23. Kh1 h6 24. Bxf6 gxf6 25. Re2 {0-1 (64) Gonzalez Arredondo,L (2062)-Borroto Fajardo,A (1959) Santa Clara 2018}) 19... exd5 {[%emt 0:03:26] The position is equal.} 20. Bxf6 Qxf6 21. Bxd5 $1 Bxd5 {[%emt 0:00:30] Weighted Error Value: White=0.11 (very precise) /Black=0.08 (flawless)} 1/2-1/2

[Event "GER-ch Youth-ODJM 2022 A"]
[Site "Willingen"]
[Date "2022.06.10"]
[Round "8.14"]
[White "Pick, Max"]
[Black "Kracht, Raphael"]
[Result "1/2-1/2"]
[ECO "C67"]
[WhiteElo "1841"]
[BlackElo "2086"]
[Annotator "TA"]
[PlyCount "134"]
[EventDate "2022.06.05"]
[EventType "swiss"]
[EventRounds "9"]
[EventCountry "GER"]
[SourceTitle "playchess.com"]
[Source "ChessBase"]
[SourceQuality "1"]
[TimeControl "40/4500+30:900+30"]

1. e4 e5 2. Nf3 Nc6 3. Bb5 Nf6 4. O-O Nxe4 5. Re1 Nd6 6. Bxc6 dxc6 7. Rxe5+ {[%emt 0:00:00] C67: Ruy Lopez: Berlin Defence: 4 0-0 Nxe4.} Be7 8. Qe2 Nf5 9. d3 {[%emt 0:00:00] Black is slightly better.} Be6 10. Nc3 {[%emt 0:00:00] [#]} Qd7 $146 ({Predecessor:} 10... O-O 11. Bd2 Bf6 12. Re4 Re8 13. Qf1 c5 14. Rae1 Nd4 15. Nxd4 cxd4 16. Ne2 Qd5 {1-0 (69) Armanda,I (2350)-Berke,A (2075) Bosnjaci 2015}) 11. Bf4 O-O-O 12. Ra5 Nd4 (12... Kb8 $11) 13. Nxd4 $14 Qxd4 14. Qe5 ({White should try} 14. Ra4 $14 Qb6 15. Rb1) 14... Qxe5 $11 15. Rxe5 Bd6 16. Re4 Bf5 17. Rd4 c5 18. Rc4 Be6 19. Re4 b6 20. Bxd6 cxd6 21. Rae1 h6 22. Ne2 g5 {[%emt 0:00:14] Against Nf4} 23. a3 Kd7 24. Nc3 Rhe8 25. f3 a6 26. Kf2 b5 27. R4e2 Rb8 (27... d5 $11) 28. Ne4 $14 {[%emt 0:02:34] Nf6+ is the strong threat.} Rec8 {[%emt 0:00:07] [#]} (28... Ke7 $14) 29. c3 ({White should play} 29. h4 $1 $16) 29... d5 $11 30. Nf6+ Kd6 31. Rd2 a5 32. d4 c4 33. g4 b4 34. axb4 axb4 35. Ra1 Ke7 (35... Ra8 {keeps more tension.} 36. Re1 Ra2 37. Rde2 Rca8) 36. Nh5 Ra8 37. Rxa8 Rxa8 38. cxb4 {[%emt 0:00:07][%mdl 4096] Endgame KRB-KRN} Rb8 39. Ng3 Rxb4 40. Ne2 Kd6 41. Nc3 Kc6 42. Ke3 f6 43. Kf2 Bf7 44. Ke3 Bg6 45. Kf2 Kd6 46. Ke3 Rb8 47. Kf2 Ra8 48. Ke3 Kc6 49. Kf2 Bd3 50. Ke3 f5 51. Kf2 Ra1 52. Rd1 Ra8 53. Rd2 Rf8 {[%emt 0:00:00] [#] Strongly threatening ...fxg4.} 54. Ke3 Rf7 55. h3 Ra7 56. Kf2 Ra8 57. Kg3 Rf8 58. Rf2 f4+ 59. Kg2 Re8 (59... h5 $5) 60. Rd2 Re1 61. Rd1 (61. Kf2 $11 Rf1+ 62. Kg2) 61... Re7 (61... Rxd1 $17 62. Nxd1 Kb5) 62. Kf2 Rb7 63. Rd2 Kd6 64. Ke1 ({Better is} 64. Kg2 $11) 64... Rb8 (64... h5 $1 $15) 65. Kf2 Kc6 66. Ke1 Rd8 67. Kf2 Rb8 {Weighted Error Value: White=0.12 (very precise) /Black=0.12 (very precise)} 1/2-1/2

[Event "GER-ch Youth-ODJM 2022 A"]
[Site "Willingen"]
[Date "2022.06.10"]
[Round "8.15"]
[White "Irkilmez, Yakub"]
[Black "Kliashtornyi, Arkadii"]
[Result "1-0"]
[ECO "E71"]
[WhiteElo "2169"]
[BlackElo "1755"]
[Annotator "TA"]
[PlyCount "145"]
[EventDate "2022.06.05"]
[EventType "swiss"]
[EventRounds "9"]
[EventCountry "GER"]
[SourceTitle "playchess.com"]
[Source "ChessBase"]
[SourceQuality "1"]
[TimeControl "40/4500+30:900+30"]

1. d4 Nf6 2. c4 g6 3. Nc3 Bg7 4. e4 d6 5. h3 O-O 6. Bg5 h6 7. Be3 e5 8. d5 a5 {[%emt 0:00:03] was the old line (8...Na6).} 9. Qd2 {[%emt 0:00:00] E71: King's Indian: 4 e4 d6 5 h3.} Kh7 10. Bd3 Na6 11. Nge2 {[%emt 0:00:00] White is slightly better.} Nc5 12. Bc2 Ne8 13. g4 Bd7 14. Ng3 c6 15. O-O-O cxd5 {[%emt 0:08:24] [#]} 16. exd5 $146 ({Predecessor:} 16. Bxc5 dxc5 17. Qxd5 Nf6 18. Qxc5 Rc8 19. Qa7 Qc7 20. b3 a4 21. Kb2 Ra8 22. Qe3 {1-0 (51) Kazakova,A (1924)-Yapyndzhi,K Moscow 2009}) 16... f5 (16... e4 $16 17. Ngxe4 Nxe4 18. Bxe4 (18. Nxe4 Rc8 $16) 18... a4) 17. h4 f4 18. Bxc5 {[%emt 0:00:11][%cal Od2d3] Black must now prevent Qd3!} fxg3 {[%emt 0:02:50] [#]} 19. Qd3 $1 Qf6 20. Ne4 Qf7 {[%emt 0:02:50] [#]} 21. h5 $1 Kg8 {[%emt 0:01:15] aiming for ...g2.} 22. Be3 $1 {[%emt 0:00:38] And now Rdg1 would win.} (22. Nxd6 Nxd6 23. Bxd6 gxf2 $1 24. Bxf8 (24. Qxg6 Qxg6 25. hxg6 Rf4 $15) (24. hxg6 $2 Qf4+ 25. Qd2 f1=Q $19) 24... Rxf8 25. Qxg6 (25. hxg6 $2 Qf4+ 26. Qd2 e4 $19) 25... Qxg6 26. hxg6 Bxg4 $11) 22... Bxg4 23. Rdg1 $36 {[%emt 0:01:23][%mdl 2048] White has strong initiative.} (23. hxg6 Qd7) 23... Bf3 24. hxg6 (24. Nxg3 $18 e4 25. Nxe4 $1) 24... Qxg6 (24... Qe7 $16) 25. Rxg3 $18 Qxe4 26. Qxe4 {[%emt 0:00:46] Really sharp!} Bxe4 27. Bxe4 Rf7 28. Rxh6 Kf8 29. Rh4 Rc8 30. b3 b5 31. Bd3 bxc4 32. Bxc4 (32. Rxc4 Rxc4+ 33. bxc4 Nf6) 32... Rfc7 (32... a4 $16 33. Kb1 (33. bxa4 Rfc7 $17) 33... axb3) 33. Kd2 Nf6 34. a4 Re7 35. Rg1 Kf7 36. Ke2 Rg8 37. Rg3 Rc8 38. Rg2 Rg8 39. Kd2 ({Better is} 39. Rg1 $18) 39... Rc8 (39... Bh6 $16 40. Rxg8 Bxe3+ 41. fxe3 (41. Kxe3 Kxg8 42. Kd3 Kg7 $16) 41... Kxg8) 40. Rg1 Rg8 41. Rb1 Rb8 42. Ke2 Kf8 43. Bc1 Reb7 44. Ba3 Rd8 45. b4 axb4 46. Rxb4 Rxb4 47. Bxb4 Ke7 48. a5 Rb8 (48... Rc8 {was called for.} 49. a6 Nh5) 49. Bc3 Nd7 50. Rh7 Kf8 51. Rh3 Nc5 (51... Ra8 {might work better.} 52. Bb5 Nc5) 52. Rf3+ (52. a6 $142) 52... Ke7 53. Rg3 Bf6 54. Rh3 Bg7 55. Rh4 $2 {[%emt 0:00:41] Prevents Ne4.} (55. Rh7 $18 Kf6 56. Rh4) 55... Kf8 (55... Nd7 $1 $11 56. Bd2 Nc5) 56. Bd2 {[%emt 0:00:37] Strongly threatening a6.} Bf6 (56... Kf7 {is a better defense.} 57. Rh7 Kg8) 57. Rh3 Ne4 58. Rb3 {[%emt 0:00:31] Prevents Rb2.} (58. Bh6+ $142 Bg7 59. a6) 58... Rxb3 59. Bxb3 {[%emt 0:00:08] Hoping for a6.} Nxd2 $2 {[%emt 0:00:05] [#]} (59... Bd8 60. a6 (60. Bh6+ Ke8 $18) 60... Bb6) 60. a6 $1 Nxb3 61. a7 Nd4+ 62. Kd3 Kf7 63. a8=Q {[%emt 0:00:07] White wants to mate with Ke4.} Be7 64. Qc8 {[%emt 0:00:26] Ke4 would kill now.} Nb3 65. Ke4 {[%emt 0:01:01] Threatening mate with Qf5+.} Nc5+ 66. Kf3 Kf6 67. Kg4 (67. Qg8 $142 Kf5 68. Qf7+ Bf6 69. Qh5+ Bg5 70. Qh7+ Kf6 71. Qc7 e4+ 72. Kg4) 67... Kf7 68. Qh8 Nd7 69. Qh5+ Kf8 (69... Kg7 $142 70. Kf5 Nf8) 70. Kf5 {[%emt 0:00:14] White threatens Kg6 and mate.} Nf6 71. Qh6+ {[%emt 0:00:12] White mates.} Kf7 72. Qg6+ Kf8 73. Ke6 {[%emt 0:00:06] Weighted Error Value: White=0.35/Black=0.36} 1-0

[Event "GER-ch Youth-ODJM 2022 A"]
[Site "Willingen"]
[Date "2022.06.10"]
[Round "8.16"]
[White "Schwartz, Oliver"]
[Black "Frohnhäuser, Simon"]
[Result "1/2-1/2"]
[ECO "A50"]
[WhiteElo "1753"]
[BlackElo "1944"]
[Annotator "TA"]
[PlyCount "75"]
[EventDate "2022.06.05"]
[EventType "swiss"]
[EventRounds "9"]
[EventCountry "GER"]
[SourceTitle "playchess.com"]
[Source "ChessBase"]
[SourceQuality "1"]
[TimeControl "40/4500+30:900+30"]

1. d4 Nf6 2. c4 Nc6 3. Nf3 e6 4. g3 Bb4+ 5. Bd2 Qe7 6. Nc3 d6 7. Bg2 O-O 8. O-O Bxc3 {[%emt 0:00:00] E11: Bogo-Indian.} 9. Bxc3 e5 10. d5 Nb8 {[%emt 0:00:00] White is slightly better.} 11. Qc2 {[%emt 0:00:00] Prevents Ne4.} a5 12. b3 Bg4 13. a3 {[%emt 0:03:19] [#]} Qd7 $146 ({Predecessor:} 13... Bxf3 14. exf3 Nbd7 15. Rfe1 Qd8 16. Bh3 Re8 17. Rab1 Re7 18. Qd2 b6 19. f4 Qe8 {1-0 (90) Kveinys,A (2536)-Loew,G (2185) Fuerth 2014}) 14. e4 Bh3 15. b4 Bxg2 16. Kxg2 Qg4 17. Nd2 axb4 18. axb4 Nbd7 19. f3 Qg5 20. Nb3 Nh5 21. Bd2 Qg6 22. Na5 b6 (22... Rab8 $14) 23. Nc6 $36 {[%emt 0:01:36][%mdl 2048] White is on the roll.} Kh8 24. Ra2 {[%emt 0:06:41] White is more active.} (24. Ra7 $142 Rxa7 25. Nxa7) 24... Rxa2 25. Qxa2 f5 (25... Re8 $16) 26. Ne7 $1 $18 Qf7 {[%emt 0:04:28] Strongly threatening ...fxe4.} 27. Nxf5 b5 $2 (27... Nhf6 {keeps fighting.} 28. Qa7 Ne8) 28. Qa7 Nb6 {[%emt 0:01:35] [#]} 29. Nxd6 Qd7 (29... cxd6 30. Qxb6) 30. c5 Na4 31. Qb7 Nf6 32. Nxb5 Nb2 33. Ra1 Nc4 34. Bc1 $2 (34. Ra8 Rg8 {[#]} 35. Nxc7 $1) 34... Ne8 $2 (34... Qf7) 35. Ra8 $4 (35. Ra2 $18) 35... Qf7 $19 36. f4 (36. Qc6 $142 Qxf3+ 37. Kh3 Qh5+ 38. Kg2) 36... exf4 37. Bxf4 g5 $1 38. Nd4 {[%emt 0:03:46][%mdl 32768] Weighted Error Value: White=0.97/Black=0.36. An unexpected result.} (38. d6 gxf4 39. Rxe8 Ne3+ 40. Kg1 fxg3 41. Rxf8+ Qxf8) (38. Nd6 $142 Ncxd6 39. cxd6 gxf4 40. Qa7 (40. dxc7 {gets mated.} fxg3 41. Rxe8 Qf3+ 42. Kh3 g2+ 43. Kh4 Qf4+ 44. Kh3 g1=N+ 45. Kg2 Qf3+ 46. Kxg1 Qf1#) 40... fxg3 41. Qd4+ (41. dxc7 {is a self mate.} Qf1+ 42. Kxg3 Rg8+ 43. Kh4 Qf4+ 44. Kh5 Qxh2#) 41... Kg8 42. Qe3 Qf2+ 43. Qxf2 gxf2 44. Kf1 Nxd6 45. Rxf8+ Kxf8 46. Kxf2 (46. e5 $2 Ne4 $19) 46... Nxe4+ 47. Ke3) 1/2-1/2